 Dungeon Crawl Stone Soup version 0.21-a0-273-g0785366 (webtiles) character file.

506 nikopol the Magician (level 6, -2/32 HPs)
             Began as a Deep Elf Fire Elementalist on Sept 17, 2017.
             Slain by a centaur zombie (4 damage)
             ... in an ossuary.
             The game lasted 00:19:14 (3178 turns).

nikopol the Magician (Deep Elf Fire Elementalist)   Turns: 3178, Time: 00:19:14

Health: -2/32      AC:  2    Str:  5    XL:     6   Next: 97%
Magic:  9/17       EV: 13    Int: 22    God:
Gold:   137        SH:  0    Dex: 15    Spells: 11/17 levels left

rFire    . . .     SeeInvis .   r - +6 dagger
rCold    . . .     Gourm    .   (no shield)
rNeg     . . .     Faith    .   a - +0 robe
rPois    .         Spirit   .   (no helmet)
rElec    .         Reflect  .   (no cloak)
rCorr    .         Harm     .   (no gloves)
MR       .....                  (no boots)
Stlth    ++........             (no amulet)
HPRegen  0.10/turn              (no ring)
MPRegen  0.15/turn              (no ring)

@: no status effects
A: no striking features
a: no special abilities


You were in an ossuary.
You were not hungry.

You visited 1 branch of the dungeon, and saw 4 of its levels.
You also visited: Ossuary.

You collected 137 gold pieces.

Inventory:

Hand Weapons
 g - a +0 dagger
 q - a +1 dagger of holy wrath
 r - a +6 dagger (weapon)
 u - a cursed -1 dagger
Armour
 a - a +0 robe (worn)
Jewellery
 i - an uncursed ring of ice {unknown}
Scrolls
 f - a scroll of fog
 k - a scroll of amnesia {unknown}
 n - a scroll of enchant weapon {unknown}
 p - 2 scrolls of immolation
 w - a scroll of identify {unknown}
 x - 2 scrolls of teleportation {unknown}
 y - a scroll of remove curse {unknown}
Potions
 e - 2 potions of ambrosia
 h - a potion of heal wounds {unknown}
 j - 3 potions of degeneration {unknown}
 m - a potion of brilliance {unknown}
 s - a potion of haste {unknown}
 t - a potion of magic {unknown}
 v - a potion of might {unknown}
Books
 b - a book of Flames

   Spells                             Type                      Level
   a - Flame Tongue                   Conjuration/Fire             1
   b - Throw Flame                    Conjuration/Fire             2
   c - Conjure Flame                  Conjuration/Fire             3
   d - Inner Flame                    Hexes/Fire                   3
   e - Sticky Flame                   Conjuration/Fire             4
   f - Fireball                       Conjuration/Fire             5
Comestibles
 c - 3 bread rations
 d - 2 meat rations
 o - a royal jelly


   Skills:
 + Level 0.2 Fighting
 + Level 2.9 Dodging
 + Level 3.3 Stealth
 + Level 6.4 Spellcasting
 + Level 4.0 Conjurations
 + Level 5.4 Fire Magic


You had 11 spell levels left.
You knew the following spells:

 Your Spells              Type           Power        Failure   Level  Hunger
a - Flame Tongue          Conj/Fire      ####.        1%          1    None
b - Throw Flame           Conj/Fire      ####..       1%          2    None
c - Conjure Flame         Conj/Fire      ####....     3%          3    #......


Dungeon Overview and Level Annotations

Branches:
Dungeon (4/15)
 Temple: D:4-7

Altars:
Ashenzari
Okawaru
Qazlal
Ru


Message History

The centaur zombie is severely damaged.
The centaur zombie misses you. x2
Casting: Flame Tongue
Confirm with . or Enter, or press ? or * to list all spells.
Aiming: Flame Tongue
Press: ? - help, Shift-Dir - straight line, f/p - centaur zombie
Aim: a centaur zombie (severely damaged)
The flame tongue hits the centaur zombie.
The centaur zombie appears unharmed.
The centaur zombie is severely damaged.
The centaur zombie barely misses you.
Casting: Flame Tongue
Confirm with . or Enter, or press ? or * to list all spells.
Aiming: Flame Tongue
Press: ? - help, Shift-Dir - straight line, f/p - centaur zombie
Aim: a centaur zombie (severely damaged)
The flame tongue hits the centaur zombie.
The centaur zombie is almost destroyed.
The centaur zombie hits you.
You die...

# # #≈ ≈≈≈ #≈#
≈#≈#
#≈#######≈#≈≈#
##P#.#P≈P≈P≈.≈
##≈.≈.#≈#≈≈.≈.≈
#P.≈≈≈≈≈.Z.≈...
#≈≈≈≈≈≈##Z##+##≈##
≈≈≈#P.≈#.@.#
#≈≈≈##.#.∩.# ≈≈≈
≈≈#..∩# ≈# ≈≈#####
..≈ ##Z


You could see a centaur zombie.

Vanquished Creatures
  A scorpion (D:3)
  The ghost of Dominolapin the Firebug, a weakling OpFE of Fedhas (D:3)
  A bullfrog zombie (Ossuary)
  A centaur zombie (Ossuary)
  A hound (D:4)
  3 orc wizards
  Terence (D:3)
  3 mummies
  4 gnolls (D:3)
  4 adders
  A worm (D:2)
  A dart slug (D:1)
  A leopard gecko (D:1)
  5 orcs (D:3)
  9 bats
  5 giant cockroaches
  7 goblins
  7 hobgoblins
  9 kobolds
  A quokka (D:3)
  A ball python (D:3)
  5 frilled lizards
  4 rats
76 creatures vanquished.

Vanquished Creatures (others)
  A plant (D:3)
  3 withered plants (Ossuary)
4 creatures vanquished.

Grand Total: 80 creatures vanquished

Notes
Turn   | Place    | Note
-------+----------+-------------------------------------------
     0 | D:1      | nikopol the Deep Elf Fire Elementalist began the quest for the Orb.
     0 | D:1      | Reached XP level 1. HP: 10/10 MP: 6/6
   177 | D:1      | Reached XP level 2. HP: 15/15 MP: 2/8
   761 | D:2      | Found an iron altar of Okawaru.
   768 | D:2      | Reached XP level 3. HP: 13/19 MP: 1/10
  1254 | D:2      | Found a sacrificial altar of Ru.
  1264 | D:2      | Reached skill level 4 in Spellcasting
  1264 | D:2      | Reached XP level 4. HP: 24/24 MP: 6/12
  1569 | D:3      | Noticed Dominolapin's ghost (weakling OpFE)
  1585 | D:2      | Learned a level 2 spell: Throw Flame
  1589 | D:2      | Learned a level 3 spell: Conjure Flame
  2038 | D:3      | Reached XP level 5. HP: 28/28 MP: 10/13
  2131 | D:3      | Reached skill level 5 in Spellcasting
  2142 | D:3      | Noticed Terence
  2177 | D:3      | Killed Terence
  2177 | D:3      | Reached skill level 5 in Fire Magic
  2342 | D:3      | Found a stormy altar of Qazlal.
  2416 | D:3      | Reached XP level 6. HP: 22/32 MP: 9/16
  2628 | D:3      | Found a shattered altar of Ashenzari.
  2632 | D:3      | Saw a vision of the Swamp and the Spider Nest.
  2632 | D:3      | Noticed a wolf spider
  2632 | D:3      | Noticed an alligator
  2632 | D:3      | Noticed an alligator
  2632 | D:3      | Noticed a wolf spider
  2632 | D:3      | Noticed an alligator
  2632 | D:3      | Noticed a hornet
  2632 | D:3      | Noticed a redback
  2632 | D:3      | Noticed an alligator
  2632 | D:3      | Noticed a redback
  2632 | D:3      | Noticed a redback
  2632 | D:3      | Noticed a wolf spider
  2632 | D:3      | Noticed a hornet
  2633 | D:3      | Noticed an alligator
  2633 | D:3      | Noticed a redback
  2633 | D:3      | Noticed an alligator
  2634 | D:3      | Noticed a redback
  2634 | D:3      | Noticed a redback
  2634 | D:3      | Noticed a redback
  2635 | D:3      | Noticed an alligator
  2750 | D:3      | Killed Dominolapin's ghost
  3032 | D:4      | Found a sand-covered staircase.
  3050 | Ossuary  | Entered an ossuary
  3079 | Ossuary  | Reached skill level 6 in Spellcasting
  3174 | Ossuary  | HP: 1/32 [bullfrog zombie (4)]
  3178 | Ossuary  | Slain by a centaur zombie

Vault maps used:
D:1:      matt_arrival_diagonals
D:2:      wad_pebble_path, okawaru_trees_2, nicolae_ru_great_annihilating_truth,
          first_bread
D:3:      old_standard_altar, grunt_ashenzari_visionary, uniq_terence
D:4:      minmay_opposing_rooms, gup_ossuary_entry_pyramid, serial_shops,
          nicolae_shop_temple_entry_statues_fountains
Ossuary:  ossuary_zaba_flooded

Skill      XL: |  1  2  3  4  5  6 |
---------------+-------------------+-----
Stealth        | 3 |  3.3
Fire Magic     | 4 5 |  5.4
Spellcasting   | 4 5 6 |  6.4
Conjurations   | 2 3 4 |  4.0
Fighting       | |  0.2
Dodging        | |  2.9

Action                   |  1- 3 |  4- 6 || total
-------------------------+-------+-------++-------
Melee: Dagger            |       |     1 ||     1
 Cast: Flame Tongue      |    65 |   104 ||   169
       Conjure Flame     |       |     5 ||     5
       Throw Flame       |       |    12 ||    12
  Use: Scroll            |       |     2 ||     2
       Potion            |       |     1 ||     1
  Eat: Chunk             |     1 |     6 ||     7
Armor: Robe              |     7 |       ||     7
Dodge: Dodged            |    25 |    20 ||    45

Table legend:
 A = Spawn XP
 B = Non-spawn XP
 C = Spawn XP percentage of total XP
 D = Spawn monster count
 E = Non-spawn monster count
 F = Spawn count percentage of total count
 G = Total turns spent on level
                    A         B        C        D         E        F      G
               +---------+---------+-------+---------+---------+-------+---------
         Total |       0 |     723 |   0.0 |       0 |      76 |   0.0 |  3178
               +---------+---------+-------+---------+---------+-------+---------
           D:1 |       0 |      28 |   0.0 |       0 |      15 |   0.0 |   743
           D:2 |       0 |     116 |   0.0 |       0 |      24 |   0.0 |   995
           D:3 |       0 |     347 |   0.0 |       0 |      31 |   0.0 |  1255
           D:4 |       0 |      61 |   0.0 |       0 |       2 |   0.0 |    57
       Ossuary |       0 |     171 |   0.0 |       0 |       4 |   0.0 |   128
               +---------+---------+-------+---------+---------+-------+---------
